 Dungeon Crawl Stone Soup version 0.29.1-13-g9f3cf754e1 (webtiles) character file.

Game seed: 3805127977384144712

8782 WTDorsey the Zephyrmancer (level 10, -7/77 HPs)
             Began as a Demigod Air Elementalist on Dec 16, 2022.
             Mangled by a basilisk (8 damage)
             ... while petrified by a basilisk
             ... on level 9 of the Dungeon on Jan 24, 2023.
             The game lasted 01:45:33 (12824 turns).

WTDorsey the Zephyrmancer (DgAE)                   Turns: 12824, Time: 01:45:34

Health: -7/77      AC:  7    Str: 12    XL:     10   Next: 92%
Magic:  2/24       EV:  2    Int: 24    God:
Gold:   561        SH:  0    Dex: 18    Spells: 8/23 levels left

rFire   + . .      SeeInvis +   c - +5 quarterstaff (chaos)
rCold   . . .      Faith    .   (shield currently unavailable)
rNeg    + + +      Spirit   .   u - +1 leather armour {rPois}
rPois   ∞          Reflect  .   o - +0 helmet
rElec   .          Harm     .   n - +0 cloak
rCorr   .          Rampage  .   (no gloves)
Will    +....                   p - +0 pair of boots
Stlth   +++.......              e - amulet of the acrobat
HPRegen 0.22/turn               z - ring of see invisible
MPRegen 0.19/turn               w - ring of flight

@: petrified, flying
A: high MP 1, forlorn, divine attributes, hooves 1, agile 1, fire resistance 1
a: no special abilities


You were on level 9 of the Dungeon.
You visited 1 branch of the dungeon, and saw 9 of its levels.

You collected 561 gold pieces.

Inventory:

Hand Weapons
 c - a +5 quarterstaff of chaos (weapon)
Missiles
 A - 3 throwing nets
Armour
 n - a +0 cloak (worn)
 o - a +0 helmet (worn)
 p - a +0 pair of boots (worn)
 u - a +1 leather armour of poison resistance (worn)
Jewellery
 e - an amulet of the acrobat (around neck)
 k - a +4 ring of evasion
 w - a ring of flight (right hand)
 z - a ring of see invisible (left hand)
Wands
 b - a wand of charming (10)
 h - a wand of mindburst (17)
 C - a wand of light (8)
 D - a wand of digging (8)
 G - a wand of flame (18)
Scrolls
 q - a scroll of magic mapping
 s - a scroll of summoning {unknown}
 B - a scroll of amnesia
 E - 3 scrolls of poison
 F - a scroll of teleportation
Potions
 d - a potion of haste {unknown}
 f - a potion of cancellation
 t - 2 potions of magic
 v - a potion of might


   Skills:
 + Level 3.3 Fighting
 + Level 0.7 Short Blades
 + Level 0.3(4.1) Maces & Flails
 + Level 6.6 Staves
 + Level 3.6 Armour
 + Level 4.7 Dodging
 + Level 4.1 Stealth
 + Level 7.2 Spellcasting
 + Level 5.3 Conjurations
 + Level 8.2 Air Magic


You had 8 spell levels left.
You knew the following spells:

 Your Spells              Type           Power      Damage    Failure   Level
a - Shock                 Conj/Air       100%       1d9       1%          1
b - Static Discharge      Conj/Air       41%        3-9/arc   1%          2
c - Airstrike             Air            24%        2d(4-20)  3%          4
d - Lightning Bolt        Conj/Air       20%        1d35      16%         5
e - Swiftness             Air            48%        N/A       1%          3

Your spell library contained the following spells:

 Spells                   Type           Power      Damage    Failure   Level
 Gell's Gravitas          Tloc           8%         N/A       26%         3
 Teleport Other           Tloc           8%         N/A       26%         3
 Dispersal                Tloc           4%         N/A       100%        6
 Maxwell's Capacitive Co  Air            24%        ∞         100%        8


Dungeon Overview and Level Annotations

Branches:
Dungeon (9/15)             Temple (0/1) D:4            Lair (0/5) D:9
    Orc: D:9-12

Shops:
D:3 [   D:4 :


Innate Abilities, Weirdness & Mutations

You have an increased reservoir of magic. (+10% MP)
You shall have no god before yourself.
Your divine heritage dramatically boosts your attributes as you level up.
You have large cloven feet.
You are agile. (Dex +4, Str/Int -1)
Your flesh is heat resistant. (rF+)


Message History

Casting: Static Discharge (safe; 1% risk of failure)
Press: ? - help, Q - select action, (/) - cycle Dir - look around, f - activate The yak is struck by an arc of lightning!
The yak is heavily wounded.
The basilisk is struck by an arc of lightning.
The basilisk is heavily wounded.
The lightning grounds out.
The basilisk is struck by an arc of lightning!
The basilisk is severely wounded.
The yak is struck by an arc of lightning!
You kill the yak!
You are struck by an arc of lightning.
The lightning grounds out.
The bullfrog croaks.
The basilisk gazes at you.
You easily resist.
The yak gores you but does no damage.
You have turned to stone.
The basilisk bites you! The yak gores you but does no damage.
The basilisk bites you. The yak gores you! The basilisk gazes at you.
The yak gores you!
* * * LOW HITPOINT WARNING * * *
The bullfrog hits you.
* * * LOW HITPOINT WARNING * * *
The basilisk completely misses you. The yak gores you but does no damage.
Your magical contamination has completely faded away.
The bullfrog barely misses you. The basilisk bites you!
* * * LOW HITPOINT WARNING * * *
The yak gores you.
* * * LOW HITPOINT WARNING * * *
The bullfrog hits you but does no damage.
The bullfrog hits you.
* * * LOW HITPOINT WARNING * * *
The basilisk bites you!
* * * LOW HITPOINT WARNING * * *
The yak gores you!
* * * LOW HITPOINT WARNING * * *
The bullfrog hits you but does no damage.
The basilisk bites you!
You die...

##.# #.# ##.#
#.# ##.#
###.######
##.#
#........#
##.#
#.####.#.#
!..#
.....####.#
#### .........
#.# #
...........#.#
. ....
......Y@# #
.... >.....lF#
# .......## #
......# #
.....# ...##
.##


You could see a yak, a basilisk and a bullfrog.

Vanquished Creatures
  The ghost of kingsuperguy the Spear-Bearer, a novice HOMo of Beogh (D:6)
  Pikel (D:4)
  Joseph (D:7)
  Maggie (D:7)
  An unseen horror (D:9)
  A troll (D:7)
  8 yaks (D:9)
  A shadow (D:6)
  A wyvern (D:9)
  Duvessa (D:7)
  2 ice beasts
  A black bear (shapeshifter) (D:7)
  2 black bears
  5 sky beasts
  6 ogres
  3 centaurs
  3 lemures (D:4)
  3 kobold brigands (D:7)
  4 phantoms
  2 gnoll sergeants (D:7)
  4 bullfrogs
  A necrophage (D:4)
  5 scorpions
  7 wights (D:8)
  Dowan (D:7)
  3 killer bees (D:9)
  6 howler monkeys (D:7)
  A crimson imp (D:7)
  12 hounds
  3 jellies
  Crazy Yiuf (D:3)
  5 gnoll boudas
  3 orc priests
  Jessica (D:3)
  4 iguanas
  12 orc wizards
  3 adders
  27 gnolls
  2 white imps
  An ufetubus (D:3)
  A worm (D:3)
  3 dart slugs
  26 orcs
  7 ball pythons
  7 endoplasms
  7 giant cockroaches
  3 goblins
  A hobgoblin (D:1)
  4 jackals (D:2)
  A quokka (D:3)
  2 bats
  3 frilled lizards (D:1)
  9 kobolds
  5 rats (D:1)
229 creatures vanquished.

Vanquished Creatures (others)
  An orc (D:7)
  3 fungi
  15 plants
19 creatures vanquished.

Grand Total: 248 creatures vanquished

Notes
Turn   | Place    | Note
-------+----------+-------------------------------------------
     0 | D:1      | WTDorsey the Demigod Air Elementalist began the quest for
                  | the Orb.
     0 | D:1      | Reached XP level 1. HP: 14/14 MP: 5/5
   173 | D:1      | Reached skill level 3 in Air Magic
   405 | D:1      | Reached XP level 2. HP: 20/20 MP: 5/7
  1488 | D:2      | Reached skill level 1 in Conjurations
  1667 | D:2      | Reached XP level 3. HP: 12/26 MP: 1/8
  1899 | D:2      | Learned a level 2 spell: Static Discharge
  2551 | D:3      | Found Seoduatu's Armour Shop.
  3107 | D:3      | Gained mutation: You have large cloven feet. [potion of
                  | mutation]
  3107 | D:3      | Gained mutation: Your flesh is heat resistant. (rF+)
                  | [potion of mutation]
  3107 | D:3      | Gained mutation: You are agile. (Dex +4, Str/Int -1)
                  | [potion of mutation]
  3309 | D:3      | Noticed Jessica
  3313 | D:3      | Killed Jessica
  3314 | D:3      | Reached XP level 4. HP: 33/33 MP: 5/10
  3659 | D:3      | Found a runed translucent door.
  3660 | D:3      | Noticed Crazy Yiuf
  3668 | D:3      | Killed Crazy Yiuf
  3669 | D:3      | Reached skill level 1 in Armour
  3839 | D:4      | Found Roaxki's Book Shop.
  3841 | D:4      | Reached XP level 5. HP: 38/38 MP: 11/11
  3877 | D:4      | Noticed Pikel
  4060 | D:4      | Noticed an ogre
  4081 | D:4      | Killed an ogre
  4082 | D:4      | Reached XP level 6. HP: 46/46 MP: 8/13
  4112 | D:4      | Found a staircase to the Ecumenical Temple.
  4123 | D:4      | Reached skill level 1 in Staves
  4128 | D:4      | Learned a level 4 spell: Airstrike
  4199 | D:4      | Killed Pikel
  4200 | D:4      | Reached skill level 1 in Fighting
  4200 | D:4      | Reached skill level 4 in Air Magic
  4200 | D:4      | Reached XP level 7. HP: 21/52 MP: 9/15
  5355 | D:5      | Entered Level 5 of the Dungeon
  5536 | D:5      | Reached XP level 8. HP: 50/59 MP: 10/17
  7011 | D:6      | Upgraded the game from 0.29.1-12-g30fa7ad0bf to
                  | 0.29.1-13-g9f3cf754e1
  7067 | D:6      | Found a transporter.
  7071 | D:6      | Noticed kingsuperguy's ghost (novice HOMo)
  7369 | D:6      | Reached skill level 5 in Air Magic
  7411 | D:6      | Reached skill level 5 in Staves
  7667 | D:6      | Found a transporter.
  7693 | D:6      | Reached XP level 9. HP: 56/67 MP: 6/19
  7809 | D:6      | Reached skill level 5 in Spellcasting
  7823 | D:6      | Killed kingsuperguy's ghost
  7824 | D:6      | Reached skill level 6 in Air Magic
  8451 | D:7      | Noticed Joseph
  8467 | D:7      | Killed Joseph
  8764 | D:7      | Noticed Duvessa
  8764 | D:7      | Noticed Dowan
  8765 | D:7      | Killed Dowan
  8768 | D:7      | Killed Duvessa
  8915 | D:7      | Noticed Maggie
  8920 | D:7      | Killed Maggie
  9388 | D:7      | Reached skill level 7 in Air Magic
  9416 | D:7      | Reached XP level 10. HP: 42/75 MP: 4/23
  9428 | D:7      | Noticed a harpy
  9428 | D:7      | a shapeshifter changed into a harpy
  9439 | D:7      | a harpy changed into a black bear
 10214 | D:7      | Reached skill level 5 in Conjurations
 10797 | D:7      | Learned a level 5 spell: Lightning Bolt
 10801 | D:7      | Learned a level 3 spell: Swiftness
 11142 | D:8      | Noticed an angel
 12402 | D:9      | Reached skill level 8 in Air Magic
 12805 | D:9      | Found a staircase to the Lair.
 12823 | D:9      | HP: 1/77 [yak (3)]
 12824 | D:9      | Mangled by a basilisk

Illustrated notes

Levels and vault maps discovered:
D:1:      lightli_arrival_lavapool, layout_loops_ring, st_stairs_1,
          hangedman_decor_points, serial_bayou_pond_a
D:2:      layout_loops_cross, serial_bayou_ford_a, minmay_misc_feat_room
D:3:      layout_basic, serial_shops, shop_statue, corexii_corridor_pit,
          uniq_jessica, uniq_crazy_yiuf_cottage
D:4:      layout_basic, fedhas_ov_isle_minmay, minmay_temple_entry_slanted,
          serial_shops, nicolae_shop_statue_plus, uniq_pikel
D:5:      layout_basic, mainiacjoe_overflow_surrounded_room
D:6:      layout_cave_pools, mainiacjoe_overflow_catwalk, kennysheep_mini_moat,
          overflow_temple_1_default, gammafunk_ghost_arena
D:7:      lemuel_castle_with_subvaults [lemuel_castle_interior_carwin_1],
          layout_basic, makhleb_grotto_becter,
          mainiacjoe_overflow_catwalk_spiral, uniq_maggie, uniq_duvessa,
          uniq_joseph
D:8:      layout_loops_ring, zin_angel
D:9:      layout_loops_ring, david_lair_generic, special_room
          [special_room_bee], serial_shops, shop

Skill      XL: |  1  2  3  4  5  6  7  8  9 10 |
---------------+-------------------------------+-----
Air Magic      | 3 4 5 7 8 |  8.2
Spellcasting   | 2 3 4 6 7 |  7.2
Dodging        | 2 3 4 |  4.7
Conjurations   | 1 2 3 4 5 |  5.3
Stealth        | 2 3 4 |  4.1
Armour         | 1 2 3 |  3.6
Staves         | 2 3 5 6 |  6.6
Fighting       | 1 2 3 |  3.3
Short Blades   | |  0.7
Maces & Flails | |  0.3

Action                   |  1- 3 |  4- 6 |  7- 9 | 10-12 || total
-------------------------+-------+-------+-------+-------++-------
Melee: Dagger            |     5 |       |       |       ||     5
       Mace              |    46 |       |       |       ||    46
       Punch             |     1 |       |       |       ||     1
       Short sword       |    16 |    25 |       |       ||    41
       Quarterstaff      |       |    20 |   103 |   150 ||   273
Throw: Boomerang         |     1 |       |       |     4 ||     5
 Cast: Shock             |    83 |    20 |   115 |    58 ||   276
       Static Discharge  |       |     9 |    18 |    26 ||    53
       Airstrike         |       |       |    31 |    15 ||    46
       Lightning Bolt    |       |       |       |    11 ||    11
Evoke: Wand              |       |       |       |     3 ||     3
  Use: Potion            |     3 |     5 |     3 |     8 ||    19
       Scroll            |     3 |     2 |     5 |     5 ||    15
 Stab: Sleeping          |     1 |     1 |       |       ||     2
       Confused          |       |     1 |       |       ||     1
       Invisible         |       |       |     1 |       ||     1
Armor: Robe              |     4 |       |       |       ||     4
       Leather armour    |     4 |     9 |    40 |    47 ||   100
Dodge: Dodged            |    79 |    28 |   105 |   209 ||   421
